 Dungeon Crawl Stone Soup version 0.21-a0-630-g344d351 (webtiles) character file.

76 slep the Skirmisher (level 4, -3/29 HPs)
             Began as a Gargoyle Monk on Dec 25, 2017.
             Killed from afar by Sigmund (5 damage)
             ... with a wand of flame (13)
             ... on level 2 of the Dungeon.
             The game lasted 00:03:58 (738 turns).

slep the Skirmisher (Gargoyle Monk)                  Turns: 738, Time: 00:03:58

Health: -3/29      AC: 10    Str: 15    XL:     4   Next: 32%
Magic:  4/4        EV: 12    Int: 15    God:
Gold:   57         SH:  0    Dex: 13    Spells: 3/3 levels left

rFire    . . .     SeeInvis .   a - +0 falchion
rCold    . . .     Gourm    .   (no shield)
rNeg     + . .     Faith    .   h - +1 leather armour {rPois}
rPois    ∞         Spirit   .   (no helmet)
rElec    +         Reflect  .   (no cloak)
rCorr    .         Harm     .   (no gloves)
MR       .....                  j - +0 pair of boots
Stlth    ++........             (no amulet)
HPRegen  0.09/turn              (no ring)
MPRegen  0.09/turn              (no ring)

@: brilliant
A: icy blue scales 1, negative energy resistance 1, electricity resistance, wild
magic 1, unbreathing, petrification resistance, rot immunity, AC +3
a: no special abilities


You were on level 2 of the Dungeon.
You were not hungry.

You visited 1 branch of the dungeon, and saw 2 of its levels.

You collected 57 gold pieces.

Inventory:

Hand Weapons
 a - a +0 falchion (weapon)
Missiles
 g - 38 sling bullets
Armour
 b - a +0 robe
 h - a +1 leather armour of poison resistance (worn)
 j - a +0 pair of boots (worn)
Scrolls
 d - a scroll of enchant weapon {unknown}
 e - a scroll of amnesia {unknown}
 i - 2 scrolls of identify {unknown}
Comestibles
 c - 5 rations


   Skills:
 + Level 3.9 Fighting
 + Level 3.5 Long Blades
 + Level 0.2 Armour
 + Level 2.9 Dodging
 + Level 2.8 Stealth


You had 3 spell levels left.
You didn't know any spells.

Dungeon Overview and Level Annotations

Branches:
Dungeon (2/15)

Altars:

Annotations:
D:2 Sigmund


Innate Abilities, Weirdness & Mutations

You are resistant to torment.
Your stone body is resilient. (AC +3)
You are immune to poison.
You resist negative energy. (rN+)
You are resistant to electric shocks. (rElec)
You can survive without breathing.
You are immune to petrification.
You are immune to rotting.
You are partially covered in icy blue scales. (AC +2)
Your spells are a little harder to cast, but a little more powerful.


Message History

Sigmund is moderately wounded.
Sigmund closely misses you. Sigmund casts a spell at you.
You resist with some effort. Sigmund gestures at you while chanting.
You are more confused.
Sigmund hits you but does no damage.
You bump into the rock wall.
Sigmund gestures at you while chanting. The puff of flame hits you!
* * * LOW HITPOINT WARNING * * *
You bump into the rock wall.
You bump into the rock wall.
Sigmund zaps a wand.
The puff of flame hits you!
* * * LOW HITPOINT WARNING * * *
Sigmund hits you from afar with a scythe.
* * * LOW HITPOINT WARNING * * *
You feel less confused.
Sigmund zaps a wand.
The puff of flame misses you.
Sigmund zaps a wand.
The puff of flame hits you!
You die...

### #.. #.#
#.# #.#
#####.#
...#.#####.#
####.#.(.....#
#....@@.######
#.##.##.###
.## #..).(.#
.).. ####.#.#
#...# #.#.#
#...# ..#.#
#...# #.....
#####...#
#.##.#
#........ #.
.. .........


You could see Sigmund.

Vanquished Creatures
  Natasha (D:2)
  An ooze (D:1)
  A worm (D:2)
  A leopard gecko (D:1)
  2 bats (D:1)
  5 giant cockroaches
  4 goblins (D:1)
  5 hobgoblins
  7 kobolds
  A quokka (D:2)
  6 frilled lizards
  5 rats
39 creatures vanquished.

Notes
Turn   | Place    | Note
-------+----------+-------------------------------------------
     0 | D:1      | slep the Gargoyle Monk began the quest for the Orb.
     0 | D:1      | Reached XP level 1. HP: 14/14 MP: 1/1
    49 | D:1      | Reached XP level 2. HP: 8/19 MP: 2/2
   232 | D:1      | Reached XP level 3. HP: 13/24 MP: 3/3
   620 | D:2      | Noticed Natasha
   628 | D:2      | Killed Natasha
   628 | D:2      | Reached XP level 4. HP: 12/29 MP: 4/4
   716 | D:2      | Noticed Sigmund
   719 | D:2      | Gained mutation: You are partially covered in icy blue scales. (AC +2) [potion of mutation]
   719 | D:2      | Gained mutation: Your spells are a little harder to cast, but a little more powerful. [potion of mutation]
   738 | D:2      | Killed from afar by Sigmund

Vault maps used:
D:1:      sevenhm_arrival_forest_fort_large_4, minmay_misc_feat_hallway,
          st_stairs_5
D:2:      uniq_sigmund, uniq_natasha

Skill      XL: |  1  2 |
---------------+-------+-----
Long Blades    | 3 |  3.5
Fighting       | |  3.9
Armour         | |  0.2
Dodging        | |  2.9
Stealth        | |  2.8

Action                   |  1- 3 |  4- 6 || total
-------------------------+-------+-------++-------
Melee: Falchion          |    90 |    15 ||   105
  Use: Potion            |       |     2 ||     2
 Stab: Sleeping          |     5 |     2 ||     7
Armor: Robe              |    32 |       ||    32
       Leather armour    |     1 |     3 ||     4
Dodge: Dodged            |    67 |    10 ||    77
       Rpst.: Falchion   |    28 |     3 ||    31

Table legend:
 A = Spawn XP
 B = Non-spawn XP
 C = Spawn XP percentage of total XP
 D = Spawn monster count
 E = Non-spawn monster count
 F = Spawn count percentage of total count
 G = Total turns spent on level
                    A         B        C        D         E        F      G
               +---------+---------+-------+---------+---------+-------+---------
         Total |       0 |     109 |   0.0 |       0 |      39 |   0.0 |   738
               +---------+---------+-------+---------+---------+-------+---------
           D:1 |       0 |      50 |   0.0 |       0 |      27 |   0.0 |   501
           D:2 |       0 |      59 |   0.0 |       0 |      12 |   0.0 |   237
               +---------+---------+-------+---------+---------+-------+---------
